Map: Blackpink LE

Players

Elazer - Winner!

  • Race: Zerg Zerg
  • League: Master
  • Spawn Location: 7:00

Stats

  • Race: Protoss Protoss
  • League: Master
  • Spawn Location: 1:00

Event: HomeStory Cup XVI

VOD

Have the link to the VOD?

Description

Time

  • Played on: Nov. 11, 2017, 7:57 a.m.
  • Length: 11:39

All games in this series

Show
View Real Time Build Order
Export as new Build Order

Elazer Zerg - Winner!

Build Orders: Hatch First 

Get SALT Encoding   

  12  0:00  Drone  
  13  0:12  Overlord  
  13  0:17  Drone  
  14  0:30  Drone x2  
  16  0:48  Hatchery  
  15  0:51  Drone  
  15  0:55  Drone  
  17  0:58  Drone  
  18  1:09  Extractor  
  17  1:13  Spawning Pool  
  17  1:16  Drone  
  17  1:20  Drone  
  18  1:27  Drone  
  19  1:38  Overlord  
  19  1:50  Drone  
  20  1:59  Queen  
  20  2:00  Queen  
  24  2:01  Zergling x2  
  24  2:02  Drone  
  26  2:11  Metabolic Boost  
  26  2:13  Drone x2  
  28  2:25  Drone x2  
  30  2:35  Drone x2  
  32  2:49  Hatchery  
  32  2:51  Overlord  
  31  2:55  Drone  
  31  2:57  Drone  
  33  2:59  Drone  
  33  3:05  Zergling x4  
  36  3:10  Drone  
  36  3:11  Queen  
  36  3:12  Drone  
  40  3:13  Zergling x2  
  40  3:16  Overlord  
  40  3:19  Drone  
  42  3:26  Drone  
  43  3:30  Drone  
  44  3:37  Drone  
  46  3:41  Drone x3  
  46  3:47  Lair  
  48  3:50  Spore Crawler x2, Queen  
  48  3:52  Overlord  
  48  3:53  Drone  
  48  3:54  Drone x2  
  51  3:56  Drone  
  51  3:59  Overlord  
  52  4:03  Drone  
  52  4:05  Drone  
  54  4:10  Zergling x2  
  54  4:11  Zergling x4  
  54  4:15  Zergling x2  
  57  4:17  Overlord  
  57  4:19  Zergling x4  
  57  4:21  Spore Crawler  
  57  4:22  Zergling x4  
  60  4:30  Queen  
  61  4:36  Drone x2  
  61  4:37  Drone x2  
  61  4:38  Drone x2  
  63  4:43  Drone x3  
  63  4:44  Drone  
  65  4:47  Drone  
  65  4:50  Drone  
  64  4:56  Drone  
  64  4:57  Extractor, Overlord, Drone x2  
  65  5:03  Hydralisk Den  
  65  5:05  Drone  
  65  5:06  Extractor  
  65  5:07  Drone  
  65  5:08  Overlord  
  65  5:22  Overlord  
  65  5:23  Extractor, Drone x2, Evolution Chamber  
  65  5:24  Drone x2  
  67  5:33  Muscular Augments  
  67  5:34  Hydralisk  
  69  5:38  Overlord, Zergling x6  
  69  5:39  Zergling x12  
  78  5:43  Overlord  
  78  5:49  Hydralisk  
  80  5:51  Overlord  
  80  5:53  Drone  
  81  5:57  Zerg Missile Weapons Level 1  
  81  5:58  Drone  
  81  6:01  Extractor  
  81  6:02  Drone  
  81  6:03  Drone  
  84  6:04  Drone x3  
  84  6:09  Overlord, Drone  
  87  6:13  Hatchery  
  87  6:14  Overlord  
  87  6:15  Drone  
  87  6:16  Drone x2  
  90  6:18  Drone  
  90  6:21  Drone  
  89  6:27  Overlord  
  89  6:30  Extractor  
  89  6:31  Hydralisk x4  
  96  6:34  Overlord  
  96  6:36  Hydralisk  
  96  6:38  Hydralisk  
  96  6:39  Hydralisk  
  102  6:46  Hydralisk x2  
  105  6:49  Hydralisk  
  105  6:53  Hydralisk  
  105  6:54  Hydralisk  
  107  6:59  Overlord, Hydralisk  
  107  7:00  Hydralisk  
  115  7:02  Hydralisk x2  
  119  7:09  Overlord  
  119  7:11  Hydralisk, Overseer  
  119  7:12  Hydralisk x2  
  125  7:16  Drone x3  
  125  7:21  Drone  
  125  7:22  Pneumatized Carapace  
  129  7:23  Drone x2  
  129  7:26  Drone  
  132  7:31  Drone x4  
  132  7:32  Drone  
  132  7:33  Overlord  
  137  7:43  Hydralisk x4  
  144  7:45  Spire  
  144  7:47  Drone  
  144  7:48  Drone  
  143  7:57  Zerg Missile Weapons Level 2  
  142  7:59  Hydralisk  
  142  8:00  Hydralisk  
  142  8:04  Overlord, Hatchery  
  142  8:05  Hydralisk x2  
  147  8:10  Hydralisk x2  
  153  8:13  Extractor, Drone x2  
  153  8:14  Drone  
  153  8:16  Hydralisk  
  153  8:18  Overlord  
  156  8:24  Hydralisk x2  
  158  8:34  Hydralisk x4  
  158  8:39  Overlord x3  
  158  8:40  Zergling x8  
  170  8:47  Zergling x12  
  176  9:00  Corruptor  
  176  9:01  Corruptor x4  
  184  9:12  Corruptor  
  184  9:13  Corruptor  
  184  9:16  Zergling x14  
  158  9:27  Hydralisk  
  158  9:28  Hydralisk x5  
  140  9:37  Corruptor  
  140  9:38  Corruptor  
  119  9:39  Zergling x2  
  119  9:40  Zergling x8  
  117  9:46  Hydralisk  
  117  9:47  Hydralisk x2  
  117  9:49  Hydralisk  
  117  9:50  Zergling x2  
  120  9:58  Hydralisk x2  
  120  9:59  Hydralisk  
  126  10:04  Hydralisk x2  
  126  10:05  Zergling x8  
  134  10:12  Hydralisk x2  
  134  10:13  Hydralisk  
  140  10:20  Hydralisk x3  
  143  10:29  Hydralisk  
  143  10:30  Baneling Nest, Hydralisk  
  143  10:33  Zergling x18  
  155  10:45  Hydralisk x3  
  155  10:46  Hydralisk x2, Zergling x2  
  155  10:47  Zergling x2  
  167  10:54  Hydralisk x3  
Show
View Real Time Build Order
Export as new Build Order

Stats Protoss 

Build Orders: Nexus First, Oracle Opening, Phoenix Opening, Colossus Rush 

Get SALT Encoding   

  12  0:02  Probe (Chrono Boost)  
  14  0:14  Probe (Chrono Boost)  
  14  0:20  Pylon  
  14  0:26  Probe (Chrono Boost)  
  15  0:34  Probe (Chrono Boost)  
  15  0:42  Probe (Chrono Boost)  
  17  0:59  Nexus  
  17  1:07  Gateway  
  18  1:12  Probe (Chrono Boost)  
  18  1:15  Assimilator  
  18  1:22  Probe (Chrono Boost)  
  18  1:24  Assimilator  
  19  1:28  Probe (Chrono Boost)  
  20  1:39  Probe (Chrono Boost)  
  21  1:40  Gateway  
  21  1:51  Probe (Chrono Boost)  
  22  1:55  Cybernetics Core  
  22  2:03  Probe (Chrono Boost)  
  23  2:11  Probe (Chrono Boost)  
  23  2:12  Probe (Chrono Boost)  
  25  2:17  Probe (Chrono Boost)  
  25  2:18  Probe (Chrono Boost)  
  27  2:26  Probe (Chrono Boost)  
  27  2:29  Probe (Chrono Boost)  
  29  2:31  Warp Gate, Adept x2  
  33  2:40  Stargate  
  33  2:45  Pylon  
  33  2:47  Probe (Chrono Boost)  
  33  2:49  Probe (Chrono Boost)  
  36  2:59  Probe (Chrono Boost)  
  36  3:01  Probe (Chrono Boost)  
  36  3:03  Adept x2  
  41  3:11  Probe (Chrono Boost)  
  41  3:12  Pylon  
  43  3:13  Probe (Chrono Boost)  
  43  3:15  Pylon  
  43  3:16  Phoenix  
  43  3:23  Probe (Chrono Boost)  
  45  3:31  Adept  
  45  3:32  Probe (Chrono Boost)  
  50  3:34  Oracle, Adept  
  50  3:35  Probe (Chrono Boost)  
  52  3:47  Probe (Chrono Boost)  
  52  3:48  Probe (Chrono Boost)  
  57  3:51  Pylon  
  57  3:52  Assimilator  
  57  3:55  Assimilator  
  57  4:01  Adept, Probe x2 (Chrono Boost)  
  61  4:09  Adept  
  63  4:15  Robotics Facility  
  63  4:19  Probe x2 (Chrono Boost)  
  65  4:42  Probe x2 (Chrono Boost)  
  61  4:48  Nexus  
  61  4:51  Pylon  
  59  4:53  Immortal  
  59  4:56  Sentry x2  
  60  5:01  Probe x2 (Chrono Boost)  
  60  5:03  Robotics Bay  
  65  5:19  Adept, Sentry  
  69  5:22  Pylon  
  69  5:23  Shield Battery  
  69  5:24  Pylon  
  69  5:27  Gateway  
  69  5:28  Gateway  
  69  5:29  Gateway  
  69  5:41  Colossus  
  71  5:50  Stalker x2, Probe x2 (Chrono Boost)  
  71  5:56  Probe x2 (Chrono Boost)  
  81  5:57  Probe (Chrono Boost)  
  81  6:03  Forge, Twilight Council  
  84  6:04  Probe (Chrono Boost)  
  84  6:05  Probe x2 (Chrono Boost)  
  87  6:13  Stalker x2  
  87  6:16  Colossus  
  87  6:17  Probe (Chrono Boost)  
  87  6:18  Probe x2 (Chrono Boost)  
  93  6:28  Adept x2  
  93  6:30  Probe x3 (Chrono Boost)  
  100  6:36  Pylon  
  106  6:43  Protoss Ground Weapons Level 1  
  106  6:44  Blink  
  106  6:48  Probe x3 (Chrono Boost)  
  105  6:59  Assimilator x2, Extended Thermal Lance  
  105  7:00  Probe x3 (Chrono Boost)  
  108  7:04  Zealot  
  108  7:05  Zealot x2  
  114  7:09  Warp Prism  
  114  7:19  Pylon x2  
  114  7:21  Pylon  
  116  7:25  Forge  
  116  7:28  Gateway  
  116  7:29  Gateway  
  116  7:36  Gateway, Colossus  
  116  7:38  Pylon  
  116  7:40  Protoss Ground Armor Level 1  
  116  7:48  Stalker x4  
  128  7:53  Stalker  
  128  8:08  Pylon  
  128  8:09  Pylon  
  128  8:14  Stalker x4  
  136  8:20  Stalker  
  136  8:24  Observer  
  136  8:27  Nexus  
  138  8:29  Pylon  
  138  8:31  Protoss Ground Weapons Level 2  
  135  8:45  Charge  
  135  8:48  Stalker x3  
  137  8:49  Stalker  
  137  8:50  Zealot x4  
  151  9:09  Photon Cannon  
  151  9:11  Shield Battery  
  151  9:12  Stalker x4  
  151  9:13  Stalker  
  133  9:28  Stalker x3  
  107  9:32  Warp Prism  
  97  9:40  Stalker x5  
  88  10:06  Zealot x7, Templar Archives  
  102  10:10  Probe (Chrono Boost)  
  102  10:11  Probe (Chrono Boost)  
  102  10:13  Probe x2 (Chrono Boost)  
  106  10:17  Sentry  
  108  10:29  Immortal  
  108  10:33  Probe x4 (Chrono Boost)  
  114  10:43  High Templar x3  
  114  10:44  High Templar  
  114  10:45  Zealot x2, Assimilator  
  114  10:46  Adept  
  114  10:47  Assimilator, Adept  
  130  11:07  Zealot x3  
  132  11:11  Zealot  
  122  11:23  Zealot x2  
  122  11:24  Zealot x2  
  114  11:31  Stalker x2  
Tags
 
Add a new tag
Caveats
  • Supply blocks, unpowered buildings, or Contaminate may cause inaccurate times.
  • Supply counts are checked every 10 seconds.